 Dungeon Crawl Stone Soup version 0.25.1-2-g60ff931df9 (webtiles) character file.

Game seed: 1062395724049841962

491 DogServant the Insei (level 7, 0/73 HPs)
             Began as a Merfolk Transmuter on Oct 18, 2020.
             Was an Initiate of Okawaru.
             Splashed by a jelly's acid (7 damage)
             ... on level 4 of the Dungeon.
             The game lasted 00:09:54 (5081 turns).

DogServant the Insei (Merfolk Transmuter)           Turns: 5081, Time: 00:09:55

Health: 0/73       AC:  7    Str: 17    XL:     7   Next: 14%
Magic:  3/10       EV:  2    Int: 12    God:    Okawaru [......]
Gold:   161        SH:  0    Dex: 16    Spells: 4/10 levels left

rFire    . . .     SeeInvis .     - Unarmed
rCold    . . .     Gourm    .   (no shield)
rNeg     + + +     Faith    .   (armour currently unavailable)
rPois    +         Spirit   .   (helmet currently unavailable)
rElec    .         Reflect  .   (cloak currently unavailable)
rCorr    .         Harm     .   (gloves currently unavailable)
MR       .....     NoTele   +   (boots currently unavailable)
Stlth    +.........             (no amulet)
HPRegen  0.22/turn              c - +6 ring of strength
MPRegen  0.12/turn              (no ring)

@: tree-form, corroded
A: (change form in water), (swift swim), (stealthy swim)
a: Renounce Religion


You were on level 4 of the Dungeon.
You worshipped Okawaru.
Okawaru was noncommittal.
You were not hungry.
You were a tree.
You visited 1 branch of the dungeon, and saw 4 of its levels.

You collected 161 gold pieces.

Inventory:

Missiles
 a - 57 arrows
 n - 3 curare-tipped darts (quivered)
Armour
 b - a +0 robe (melded)
Jewellery
 c - a +6 ring of strength (left branch)
Scrolls
 g - a scroll of identify
 k - a scroll of teleportation
 l - a scroll of amnesia {unknown}
 m - 3 scrolls of remove curse
 o - a scroll of immolation {unknown}
Potions
 f - 2 potions of lignification
 h - 2 potions of stabbing
 j - 2 potions of might
Comestibles
 d - 9 rations
 p - a chunk of flesh


   Skills:
 + Level 1.8 Fighting
 + Level 3.2 Dodging
 + Level 6.0 Unarmed Combat
 + Level 2.3 Spellcasting
 + Level 5.3 Transmutations
 - Level 3.5 Poison Magic


You had 4 spell levels left.
You knew the following spells:

 Your Spells              Type           Power        Failure   Level  Hunger
a - Beastly Appendage     Tmut           ##....       3%          1    ##.....
b - Sticks to Snakes      Tmut           ##......     4%          2    ###....
c - Spider Form           Tmut/Pois      ##........   13%         3    ####...

Your spell library contained the following spells:

 Spells                   Type           Power        Failure   Level  Hunger
 Ice Form                 Ice/Tmut       #.......     65%         4    #####..
 Blade Hands              Tmut           ##........   63%         5    ######.


Dungeon Overview and Level Annotations

Branches:
Dungeon (4/15)
 Temple: D:4-7

Altars:
Okawaru
Ru
Uskayaw
Yredelemnul


Message History

The phantom blinks!
You hit the jelly but do no damage.
The jelly looks even sicker.
Your front legs burn!
* * * LOW HITPOINT WARNING * * *
The jelly is almost dead.
The jelly completely misses you.
Okay, then.
Okay, then.
Really quaff the potion of lignification?
Your transformation has ended.
Your +0 robe unmelds from your body.
You turn into a tree.
Your +0 robe melds into your body.
Your roots penetrate the ground.
The jelly hits you but does no damage.
You hit the jelly but do no damage.
Your branches burn!
* * * LOW HITPOINT WARNING * * *
The jelly is almost dead.
The phantom blinks!
The jelly hits you.
* * * LOW HITPOINT WARNING * * *
The acid corrodes you!
You are splashed with acid!
You die...

..#..###.≈..≈. #.
#......#.≈.≈≈≈ ..
##........♣≈♣≈≈
#.###..........≈...
###.............≈≈.≈♣
#...............≈≈>≈.
##............##≈..≈♣
...#.......#..#..#.....≈
.......♣J.##..).........
##....§...####...W.###..
..W..........#)...####..
.....##.........#.# #...
..... #.....##.#### #...
...............## ##..
...W............#####...
.......##...##..#.##....
........^.##....#.....


You could see a phantom and a jelly (very poisoned).

Vanquished Creatures
  A crimson imp (D:2)
  A hound (D:4)
  2 orc priests (D:4)
  An iguana (D:4)
  A worker ant (D:4)
  A hound zombie (D:2)
  Robin (D:3)
  5 gnolls
  9 adders
  2 oozes
  A worm (D:2)
  5 dart slugs
  3 leopard geckos (D:2)
  7 orcs
  5 giant cockroaches
  18 goblins
  8 hobgoblins
  5 kobolds
  2 quokkas
  A ball python (D:1)
  3 bats (D:2)
  8 frilled lizards
  5 rats
95 creatures vanquished.

Vanquished Creatures (collateral kills)
  2 orc wizards (D:3)
  2 worms
  A hobgoblin (D:2)
  A kobold (D:2)
  2 goblins
  A rat (D:2)
9 creatures vanquished.

Grand Total: 104 creatures vanquished

Notes
Turn   | Place    | Note
-------+----------+-------------------------------------------
     0 | D:1      | DogServant the Merfolk Transmuter began the quest for the
                  | Orb.
     0 | D:1      | Reached XP level 1. HP: 15/15 MP: 3/3
   111 | D:1      | Reached XP level 2. HP: 20/21 MP: 3/5
   116 | D:1      | Learned a level 2 spell: Sticks to Snakes
   759 | D:1      | Reached XP level 3. HP: 21/26 MP: 4/6
   991 | D:1      | Reached skill level 4 in Unarmed Combat
  1450 | D:2      | Reached XP level 4. HP: 23/32 MP: 2/7
  1498 | D:2      | Learned a level 3 spell: Spider Form
  2116 | D:2      | Reached skill level 1 in Poison Magic
  2446 | D:2      | Reached XP level 5. HP: 31/37 MP: 4/8
  2458 | D:2      | Reached skill level 5 in Transmutations
  3089 | D:2      | Reached skill level 5 in Unarmed Combat
  3360 | D:3      | Reached XP level 6. HP: 22/43 MP: 4/9
  3953 | D:3      | Found a hide-covered altar of Uskayaw.
  3960 | D:3      | Found a basalt altar of Yredelemnul.
  3963 | D:3      | Found an iron altar of Okawaru.
  3966 | D:3      | Found a sacrificial altar of Ru.
  3973 | D:3      | Became a worshipper of Warmaster Okawaru
  4016 | D:3      | Noticed Robin
  4042 | D:3      | Killed Robin
  5041 | D:4      | Reached skill level 6 in Unarmed Combat
  5041 | D:4      | Reached XP level 7. HP: 26/48 MP: 5/10
  5081 | D:4      | Splashed by a jelly's acid

Illustrated notes

Levels and vault maps discovered:
D:1:      dpeg_arrival_lava_altar, layout_basic, st_stairs_8, hex_tiny,
          item_on_display_a
D:2:      minmay_angry_zag, layout_basic, first_ration,
          kennysheep_generic_room_6
D:3:      layout_rooms, minitemple, uniq_robin
D:4:      layout_cave_pools, serial_rivers, chequers_serial_rivers_marsh,
          chequers_serial_rivers_micro_a, chequers_serial_rivers_small_b,
          chequers_serial_rivers_micro_c, chequers_serial_rivers_room_a,
          xom_redecorated

Skill      XL: |  1  2  3  4  5  6 |
---------------+-------------------+-----
Transmutations | 3 4 5 |  5.3
Unarmed Combat | 4 5 6 |  6.0
Poison Magic   | 1 2 3 |  3.5
Dodging        | 3 |  3.2
Fighting       | |  1.8
Spellcasting   | |  2.3

Action                   |  1- 3 |  4- 6 |  7- 9 || total
-------------------------+-------+-------+-------++-------
Melee: Unarmed           |    56 |   200 |    20 ||   276
       Headbutt          |     8 |    47 |       ||    55
       Punch             |       |     2 |       ||     2
 Cast: Beastly Appendage |    17 |    43 |       ||    60
       Sticks to Snakes  |     1 |    10 |     2 ||    13
       Spider Form       |       |     1 |     1 ||     2
  Use: Scroll            |     2 |     6 |       ||     8
       Potion            |       |       |     4 ||     4
 Stab: Sleeping          |     1 |     1 |       ||     2
       Distracted        |       |     1 |       ||     1
  Eat: Chunk             |     2 |    14 |       ||    16
Armor: Robe              |     4 |    25 |       ||    29
       Skin              |       |       |     2 ||     2
Dodge: Dodged            |    25 |   133 |    16 ||   174
